 Dungeon Crawl Stone Soup version 0.20.1-1-g8b1a95d (webtiles) character file.

2268 spiff the Ruffian (level 9, 0/73 HPs)
             Began as a Yellow Draconian Transmuter on July 19, 2017.
             Was an Initiate of Cheibriados.
             Slain by a two-headed ogre
             ... wielding a +0 giant club
              (29 damage)
             ... on level 8 of the Dungeon.
             The game lasted 00:25:19 (9526 turns).

spiff the Ruffian (Yellow Draconian Transmuter)     Turns: 9526, Time: 00:25:19

Health: 0/73       AC:  2    Str: 16    XL:     9   Next: 16%
Magic:  7/15       EV: 19    Int: 19    God:    Cheibriados [......]
Gold:   518        SH:  0    Dex: 18    Spells: 5/16 levels left

rFire    + . .     SeeInvis .     - Unarmed
rCold    . . .     Gourm    .   (shield currently unavailable)
rNeg     . . .     Faith    .   (armour unavailable)
rPois    x         Spirit   .   (helmet currently unavailable)
rElec    .         Reflect  .   (cloak currently unavailable)
rCorr    .         Harm     .   (gloves currently unavailable)
MR       .....                  (boots currently unavailable)
Stlth    ++........             (no amulet)
Regen    0.3/turn               F - ring of protection from fire
MPRegen  0.2/turn               I - +4 ring of intelligence

@: spider-form (expiring), very slow
A: (spit acid), (acid resistance), unfitting armour, AC +7
a: End Transformation, Bend Time, Renounce Religion


You were on level 8 of the Dungeon.
You worshipped Cheibriados.
Cheibriados was noncommittal.
You were not hungry.
You were a venomous arachnid creature.
You visited 2 branches of the dungeon, and saw 9 of its levels.
You also visited: Sewer.

You collected 518 gold pieces.

Inventory:

Hand Weapons
 i - a +0 blowgun
Missiles
 h - 6 poisoned javelins (quivered)
 n - 8 tomahawks
 o - 25 poisoned needles
 q - 59 arrows
 v - 2 throwing nets
Armour
 m - a +0 pair of boots (melded)
 H - a +0 shield
Jewellery
 g - an uncursed ring of flight
 y - an uncursed ring of fire
 z - an uncursed ring of magical power
 C - an uncursed ring of positive energy
 F - a ring of protection from fire (left front leg)
 I - a +4 ring of intelligence (right front leg)
 K - an uncursed ring of magical power
 L - an uncursed amulet of faith {unknown}
Wands
 r - a wand of flame (19/48)
 B - a wand of flame (15/48)
Scrolls
 e - 3 scrolls of teleportation
 f - 3 scrolls of remove curse
 A - a scroll of magic mapping
 D - 2 scrolls of fear
 E - a scroll of fog {unknown}
 G - 2 scrolls of recharging
Potions
 a - 4 potions of flight
 j - 2 potions of brilliance {unknown}
 k - 2 potions of lignification
 l - 2 potions of heal wounds {unknown}
 p - a potion of curing {unknown}
 s - a potion of haste
 t - a potion of cancellation {unknown}
 u - 4 potions of ambrosia {unknown}
 w - a potion of mutation
 J - 2 potions of agility {unknown}
 O - a potion of degeneration {unknown}
Books
 b - a book of Changes

   Spells                             Type                      Level
   a - Beastly Appendage              Transmutation                1
   b - Sticks to Snakes               Transmutation                2
   c - Spider Form                    Transmutation/Poison         3
   d - Ice Form                       Ice/Transmutation            4
   e - Blade Hands                    Transmutation                5
Comestibles
 c - 5 bread rations
 d - 3 meat rations
 x - a royal jelly
 M - 2 fruits
 N - 8 chunks of flesh


   Skills:
 + Level 4.8 Fighting
 - Level 1.7 Dodging
 + Level 7.8 Unarmed Combat
 + Level 4.4 Spellcasting
 - Level 6.3 Transmutations
 - Level 4.4 Poison Magic


You had 5 spell levels left.
You knew the following spells:

 Your Spells              Type           Power        Failure   Level  Hunger
a - Beastly Appendage     Tmut           ####..       5%          1    None
b - Sticks to Snakes      Tmut           ####....     7%          2    #......
c - Spider Form           Tmut/Pois      ###.......   13%         3    ###....
d - Blade Hands           Tmut           ####......   47%         5    ######.


Dungeon Overview and Level Annotations

Branches:
Dungeon (8/15)             Temple (1/1) D:7
   Lair: D:8-11

Altars:
Cheibriados
Dithmenos
Fedhas
Hepliaklqana
Kikubaaqudgha
Makhleb
Nemelex Xobeh
Ru
Sif Muna
Trog
Uskayaw
Vehumet
Xom
Zin
The Shining One

Shops:
D:7 (


Innate Abilities, Weirdness & Mutations

((You can spit globs of acid.))
((You are resistant to acid.))
((Your golden yellow scales are hard. (AC +7)))
You cannot fit into any form of body armour.
((You are cold-blooded and may be slowed by cold attacks.))


Message History

Things that are here:
a giant spiked club; an ogre corpse You hit the two-headed ogre.
The two-headed ogre is poisoned.
The two-headed ogre is lightly wounded.
The two-headed ogre hits you with a giant club!! x2
You swap places.
The two-headed ogre completely misses your ball python.
The two-headed ogre hits your ball python with a giant club!!
Your ball python dies!
Your ball python bites the two-headed ogre but does no damage.
Your ball python bites the two-headed ogre.
Your ball python bites the two-headed ogre.
The two-headed ogre hits your ball python with a giant club!
Your ball python dies!
The two-headed ogre shouts in stereo!
You hit the two-headed ogre.
The two-headed ogre looks even sicker.
The two-headed ogre is moderately wounded.
Your transformation is almost over.
The two-headed ogre hits you with a giant club!!
You die...

#.<.#.# ..# #...#.#
..#
O######...#.###..#
..............)..#
..######..###)##.#
#..# #<##.#
#..###)##.##
#..O...##..
#.##s#.##.#
#....).##.#
#.........#
#.##.####.####
#.##.####....#
#.##.......#.#
######.########...#
#.)>...# ##..#
#.###### #..#


You could see a two-headed ogre.

Vanquished Creatures
  A black bear (D:6)
  4 ogres
  A big kobold (D:8)
  3 bullfrogs
  2 howler monkeys
  3 crimson imps (D:5)
  3 hounds
  A centaur zombie (D:5)
  An orc priest (D:5)
  An iguana (D:5)
  3 orc wizards
  A merfolk avatar (Sewer)
  4 worker ants
  A merfolk siren (Sewer)
  2 worker ant zombies
  8 gnolls
  12 adders
  A howler monkey skeleton (D:5)
  3 river rats
  2 shadow imps
  An adder skeleton (D:4)
  A worm (D:6)
  4 dart slugs
  9 leopard geckos
  17 orcs
  5 ball pythons
  7 bats
  6 giant cockroaches
  8 goblins
  6 hobgoblins
  9 jackals
  15 kobolds
  A quokka (D:4)
  8 frilled lizards
  A jackal skeleton (D:5)
  A leopard gecko skeleton (D:4)
  31 rats
187 creatures vanquished.

Vanquished Creatures (collateral kills)
  A two-headed ogre (D:5)
  2 adders (D:3)
  An orc (D:3)
  A frilled lizard (D:2)
5 creatures vanquished.

Grand Total: 192 creatures vanquished

Notes
Turn   | Place    | Note
-------+----------+-------------------------------------------
     0 | D:1      | spiff the Draconian Transmuter began the quest for the Orb.
     0 | D:1      | Reached XP level 1. HP: 16/16 MP: 3/3
    61 | D:1      | Reached XP level 2. HP: 7/23 MP: 3/5
   832 | D:1      | Reached XP level 3. HP: 27/28 MP: 4/6
  1397 | D:2      | Learned a level 2 spell: Sticks to Snakes
  1401 | D:2      | Learned a level 3 spell: Spider Form
  1728 | D:2      | Reached XP level 4. HP: 35/35 MP: 7/7
  2172 | D:3      | Reached skill level 4 in Unarmed Combat
  2894 | D:3      | Found a hazy altar of Hepliaklqana.
  3284 | D:3      | Noticed an ogre
  3294 | D:3      | Killed an ogre
  3294 | D:3      | Reached XP level 5. HP: 40/40 MP: 0/8
  3586 | D:4      | Reached skill level 1 in Poison Magic
  3715 | D:4      | Noticed a dagger
  3716 | D:4      | Noticed a dagger
  3716 | D:4      | Found a hide-covered altar of Uskayaw.
  3804 | D:4      | Reached skill level 5 in Unarmed Combat
  3804 | D:4      | Reached XP level 6. HP: 35/47 MP: 7/9
  4474 | D:5      | Entered Level 5 of the Dungeon
  4521 | D:5      | Reached skill level 5 in Transmutations
  4627 | D:5      | Noticed a two-headed ogre
  4858 | D:5      | Found a glowing silver altar of Zin.
  4875 | D:5      | Killed a two-headed ogre
  4875 | D:5      | Reached skill level 6 in Unarmed Combat
  4875 | D:5      | Your scales start taking on a golden yellow colour.
  4875 | D:5      | Reached XP level 7. HP: 29/52 MP: 2/10
  4875 | D:5      | Reached XP level 8. HP: 33/59 MP: 2/11
  5880 | D:5      | Found a sparkling altar of Nemelex Xobeh.
  5884 | D:5      | Found a bloodstained altar of Trog.
  6784 | D:6      | Reached skill level 7 in Unarmed Combat
  6785 | D:6      | Found a bloodstained altar of Trog.
  6955 | D:6      | Found a glowing drain.
  6959 | Sewer    | Entered a sewer
  7651 | D:6      | Found a sacrificial altar of Ru.
  7934 | D:7      | Found a radiant altar of Vehumet.
  8055 | D:7      | Found Nouzext's Antique Weapon Emporium.
  8129 | D:7      | Found a bloodstained altar of Trog.
  8425 | D:7      | Found a staircase to the Ecumenical Temple.
  8467 | Temple   | Entered the Ecumenical Temple
  8483 | Temple   | Became a worshipper of Cheibriados the Contemplative
  8657 | D:6      | Found a blossoming altar of Fedhas.
  8922 | D:8      | Learned a level 5 spell: Blade Hands
  8943 | D:8      | Reached XP level 9. HP: 48/72 MP: 11/15
  8974 | D:8      | HP: 3/72 [poisoned by a kobold]
  8981 | D:8      | HP: 3/72 [poisoned by a kobold]
  8989 | D:8      | HP: 3/72 [poisoned by a kobold]
  9432 | D:8      | Noticed a two-headed ogre
  9526 | D:8      | Slain by a two-headed ogre

Skill      XL: |  1  2  3  4  5  6  7  8 |
---------------+-------------------------+-----
Transmutations | 3 4 6 |  6.3
Unarmed Combat | 4 5 6 7 |  7.8
Poison Magic   | 1 4 |  4.4
Fighting       | 4 |  4.8
Spellcasting   | 4 |  4.4
Dodging        | |  1.7

Action                   |  1- 3 |  4- 6 |  7- 9 || total
-------------------------+-------+-------+-------++-------
Melee: Unarmed           |   150 |   177 |   293 ||   620
       Tailslap          |    12 |    23 |     4 ||    39
       Kick              |    12 |       |       ||    12
       Headbutt          |     6 |    16 |     3 ||    25
       Punch             |     1 |     1 |     7 ||     9
Throw: Javelin           |     1 |     7 |     1 ||     9
 Cast: Beastly Appendage |    23 |    24 |     7 ||    54
       Sticks to Snakes  |     2 |    10 |     4 ||    16
       Spider Form       |       |     9 |    32 ||    41
  Use: Scroll            |       |       |     8 ||     8
 Stab: Sleeping          |     1 |       |       ||     1
  Eat: Chunk             |     3 |    12 |    18 ||    33
       Royal jelly       |       |       |     1 ||     1
Armor: Skin              |    40 |    51 |    46 ||   137
Dodge: Dodged            |   100 |   127 |   175 ||   402
